 Dungeon Crawl Stone Soup version 0.19.0-22-gd96e5fe (webtiles) character file.

14225 esc the Slinger (level 12, -4/87 HPs)
             Began as a Halfling Hunter on Nov 18, 2016.
             Was an Elder of Uskayaw.
             Slain by a yak (15 damage)
             ... on level 2 of the Lair of Beasts.
             The game lasted 00:42:30 (14333 turns).

esc the Slinger (Halfling Hunter)                  Turns: 14333, Time: 00:42:31

Health: -4/87      AC:  4    Str: 14    XL:     12   Next: 42%
Magic:  2/15       EV: 24    Int:  9    God:    Uskayaw [****..]
Gold:   701        SH:  0    Dex: 19    Spells: 0 memorised, 11 levels left

rFire  + . .     SeeInvis .     a - +2 hunting sling
rCold  + . .     Gourm    .     c - +1 leather armour
rNeg   . . .     Faith    .     (shield restricted)
rPois  .         Spirit   .     J - +0 hat
rElec  .         Reflect  .     (no cloak)
rCorr  .         Harm     +     (no gloves)
MR     .....                    (no boots)
Stlth  +++.......               s - amulet of harm
                                Q - ring of protection from cold {rC+, !d}
                                h - ring of protection from fire {rF+, !d}

@: about to teleport
A: mutation resistance 1
a: Stomp, Line Pass, Renounce Religion


You were on level 2 of the Lair of Beasts.
You worshipped Uskayaw.
Uskayaw was noncommittal.
You were not hungry.

You visited 3 branches of the dungeon, and saw 14 of its levels.

You collected 841 gold pieces.
You spent 140 gold pieces at shops.

Inventory:

Hand Weapons
 a - a +2 hunting sling (weapon)
 v - a +0 blowgun
   (You took it off a kobold on level 3 of the Dungeon)
 O - the +4 flail of the Owl {crush, Dex+5}
   (You found it on level 1 of the Lair of Beasts)

   It inflicts extra damage upon your enemies.
   It affects your dexterity (+5).
Missiles
 d - 72 sling bullets
 e - 52 stones (quivered)
 o - 59 poisoned needles
 F - 8 tomahawks
 G - 3 throwing nets {=f, !d}
Armour
 c - a +1 leather armour (worn)
 H - a +2 ring mail of fire resistance
   (You took it off Harold on level 2 of the Lair of Beasts)
 J - a +0 hat (worn)
   (You found it on level 8 of the Dungeon)
Jewellery
 h - a ring of protection from fire (left hand) {rF+, !d}
   (You found it on level 2 of the Dungeon)
 r - an uncursed amulet of the gourmand {Gourm, !d}
   (You found it on level 2 of the Dungeon)
 s - an amulet of harm (around neck)
   (You found it on level 4 of the Dungeon)
 C - an uncursed ring of magical power {MP+9}
   (You found it on level 7 of the Dungeon)
 Q - a ring of protection from cold (right hand) {rC+, !d}
   (You found it on level 10 of the Dungeon)
Wands
 w - a wand of digging (9/24)
   (You found it on level 2 of the Lair of Beasts)
 A - a wand of slowing (23/48)
   (You found it on level 4 of the Dungeon)
 E - a wand of flame (30/48)
   (You found it on level 6 of the Dungeon)
 I - a wand of iceblast (1/15)
   (You found it on level 8 of the Dungeon)
 K - a wand of random effects (18/48)
   (You found it on level 1 of the Lair of Beasts)
 N - a wand of random effects (28/48)
   (You found it on level 11 of the Dungeon)
 P - a wand of random effects (24/48)
   (You took it off an orc priest on level 10 of the Dungeon)
Scrolls
 g - 7 scrolls of identify
 l - 7 scrolls of enchant armour
 y - a scroll of teleportation
 z - 2 scrolls of enchant weapon
 L - 2 scrolls of amnesia
 M - a scroll of immolation {!r}
Potions
 j - 2 potions of invisibility
 m - 2 potions of might
 n - 3 potions of flight
 p - a potion of berserk rage {!q}
 t - a potion of brilliance
 B - a potion of cancellation
 D - a potion of mutation {!q}
 R - a potion of ambrosia
Comestibles
 b - 25 fruits
 f - 7 bread rations {@e1}
 i - 2 royal jellies
 k - 2 slices of pizza
 q - 8 meat rations {@e2}
 u - 2 beef jerkies


   Skills:
 + Level 9.8 Fighting
 + Level 14.9 Slings
 - Level 2.4 Armour
 + Level 11.4 Dodging
 - Level 5.2 Stealth
 + Level 5.2 Invocations


You had 11 spell levels left.
You didn't know any spells.

Dungeon Overview and Level Annotations

Branches:
Dungeon (11/15)            Temple (1/1) D:4            Lair (2/6) D:10
 Shoals (0/4) Lair:2
  Snake: Lair:2-4    Spider: Lair:2-4       Orc: D:9-12

Altars:
Ashenzari
Cheibriados
Dithmenos
Elyvilon
Fedhas
Gozag
Hepliaklqana
Kikubaaqudgha
Makhleb
Nemelex Xobeh
Okawaru
Qazlal
Ru
Sif Muna
Trog
Uskayaw
Vehumet
Xom
Yredelemnul
Zin
The Shining One

Shops:
D:4 ?

Annotations:
D:11 1 runed door


Innate Abilities, Weirdness & Mutations

You are small and have problems with some larger weapons.
You are somewhat resistant to further mutation.


Message History

You shoot a stone. The stone hits the yak.
Aim: a yak (heavily wounded, paralysed)
You shoot a stone.
The stone hits the yak but does no damage.
Uskayaw prepares the audience for your solo!
Aim: a yak (heavily wounded, paralysed)
You shoot a stone. The stone hits the yak!
Aim: a yak (severely wounded, paralysed)
You shoot a stone.
The stone hits the yak but does no damage.
A yak comes into view.
Aim: a yak (severely wounded, paralysed)
You shoot a stone. The stone hits the yak.
The yak is no longer paralysed.
A yak comes into view.
Aim: a yak (severely wounded)
You shoot a stone. The stone hits the yak.
Aim: a yak (severely wounded)
You shoot a stone. The stone barely misses the yak.
The yak is no longer paralysed.
The yak completely misses you.
A yak comes into view.
You stomp with the beat, sending a shockwave through the revelers around you!
You kill the yak!
You feel somewhat more hungry.
You now have 12/15 mp.
Aim: a yak (lightly wounded)
You shoot a stone. The yak bellows!
The stone hits the yak.
A yak comes into view.
Aim: a yak (lightly wounded)
You shoot a stone. The yak bellows!
The stone hits the yak!
Aim: a yak (moderately wounded)
You shoot a stone. The stone hits the yak!
Uskayaw will force your foes to share their pain.
Uskayaw links your audience in an emotional bond!
You stomp with the beat, sending a shockwave through the revelers around you!
You feel somewhat more hungry.
Uskayaw will no longer force your foes to share their pain.
The yak gores you!
You take 10 damage, and have 62/87 hp.
You now have 9/15 mp.
You stomp with the beat, sending a shockwave through the revelers around you!
You kill the yak!
You feel somewhat more hungry.
Uskayaw will no longer force your foes to helplessly watch your dance.
The yak bellows!
The yak barely misses you.
Uskayaw will force your foes to helplessly watch your dance.
You now have 6/15 mp.
You stomp with the beat, sending a shockwave through the revelers around you!
You kill the yak!
You feel somewhat more hungry.
Uskayaw will no longer force your foes to helplessly watch your dance.
The yak is no longer sharing its pain. x3; The yak completely misses you.
The yak barely misses you.
Uskayaw will force your foes to helplessly watch your dance.
You now have 3/15 mp.
You stomp with the beat, sending a shockwave through the revelers around you!
You kill the yak!
You feel somewhat more hungry.
Uskayaw will no longer force your foes to helplessly watch your dance.
The yak gores you!
You take 12 damage, and have 51/87 hp.
You now have 1/15 mp.
Aim: a yak (almost dead)
You shoot a stone.
The stone hits the yak but does no damage.
Aim: a yak (almost dead)
You shoot a stone. The stone barely misses the yak.
The yak completely misses you.
Aim: a yak (almost dead)
You shoot a stone. The stone hits the yak!
You kill the yak!
The yak misses you.
Uskayaw will force your foes to helplessly watch your dance.
Aim: a yak (heavily wounded)
You shoot a stone. The stone hits the yak.
Aim: a yak (heavily wounded)
You shoot a stone.
The stone hits the yak but does no damage.
The yak gores you but does no damage. The yak completely misses you.
Aim: a yak (heavily wounded)
You shoot a stone. The stone barely misses the yak.
The yak gores you!
You take 10 damage, and have 42/87 hp.
Aim: a yak You shoot a stone.
The stone hits the yak!
The yak gores you!
You take 14 damage, and have 28/87 hp.
Aim: a yak (moderately wounded)
You shoot a stone. The stone hits the yak!
Aim: a yak (heavily wounded)
You shoot a stone. The stone hits the yak.
The yak gores you!
* * * LOW HITPOINT WARNING * * *
Uskayaw will force your foes to share their pain.
You take 17 damage, and have 11/87 hp.
Okay, then.
As you read the scroll of teleportation, it crumbles to dust.
You feel strangely unstable. The yak gores you!
You die...

#...#.#.##..##.#..........
.......#..##..#...|.......
......#.##..##..P.........
.......................<..
..........................
...##..##.................
..#..##..#(Y..............
.#)##..##Y#((...........?.
# ## #@#(....#..#......
#.#((P..###........
#.#((..### ###P.....
..#.#...########..... .##
..((............. ..
.....##.###...... #
...##..#........
...........)....
..........)....


You could see a yak.

Vanquished Creatures
  Harold (Lair:2)
  Erica (D:10)
  A necromancer (D:9)
  2 spiny frogs (Lair:2)
  A rime drake (Lair:2)
  A komodo dragon (Lair:2)
  A two-headed ogre (D:11)
  A hornet (Lair:2)
  Prince Ribbit (D:7)
  4 hippogriffs
  A spriggan (Lair:2)
  4 wyverns
  3 basilisks
  6 yaks (Lair:2)
  Menkaure (D:4)
  A hungry ghost (D:8)
  2 water moccasins
  Duvessa (D:4)
  A porcupine (Lair:1)
  5 orc warriors
  2 ice beasts
  3 sky beasts
  3 black bears
  An eye of draining (D:9)
  6 ogres
  4 wolves
  2 centaurs
  2 crocodiles
  9 bullfrogs
  Dowan (D:4)
  5 scorpions
  22 killer bees
  14 wights
  6 howler monkeys
  7 crimson imps
  2 bullfrog zombies
  A quasit (D:11)
  3 centaur zombies
  A centaur skeleton (D:9)
  A gnoll shaman (D:9)
  5 hounds
  A jelly (D:7)
  2 bullfrog skeletons
  14 orc priests
  17 orc wizards
  5 iguanas
  A polar bear simulacrum (D:9)
  8 worker ants
  A wolf simulacrum (D:9)
  A howler monkey zombie (D:9)
  A worker ant zombie (D:5)
  6 gnolls
  15 adders
  2 shadow imps
  An ooze (D:2)
  An adder zombie (D:9)
  2 worms
  A dart slug (D:3)
  9 leopard geckos
  60 orcs
  A ball python (D:7)
  11 giant cockroaches
  8 goblins
  8 hobgoblins
  15 jackals
  6 kobolds
  3 quokkas
  7 bats
  4 frilled lizards
  3 leopard gecko skeletons
  10 rats
363 creatures vanquished.

Vanquished Creatures (others)
  A sky beast (D:8)
  A gnoll (D:8)
  A fungus (Lair:2)
  A plant (Lair:2)
4 creatures vanquished.

Grand Total: 367 creatures vanquished

Notes
Turn   | Place    | Note
-------+----------+-------------------------------------------
     0 | D:1      | esc the Halfling Hunter began the quest for the Orb.
     0 | D:1      | Reached XP level 1. HP: 14/14 MP: 1/1
    24 | D:1      | Reached skill level 2 in Fighting
   108 | D:1      | Reached XP level 2. HP: 19/19 MP: 2/2
   420 | D:1      | Reached skill level 6 in Slings
   492 | D:1      | Reached XP level 3. HP: 24/25 MP: 3/3
  1063 | D:2      | Reached skill level 3 in Dodging
  1063 | D:2      | Reached XP level 4. HP: 25/30 MP: 4/4
  1361 | D:2      | Reached skill level 3 in Fighting
  1540 | D:3      | Reached XP level 5. HP: 25/36 MP: 5/5
  1886 | D:3      | Reached skill level 7 in Slings
  2572 | D:3      | Reached skill level 4 in Dodging
  2572 | D:3      | Reached XP level 6. HP: 33/42 MP: 6/6
  2805 | D:4      | Noticed Menkaure
  2809 | D:4      | Killed Menkaure
  2812 | D:4      | Reached skill level 8 in Slings
  2816 | D:4      | Reached XP level 7. HP: 47/47 MP: 7/7
  2942 | D:4      | Found a staircase to the Ecumenical Temple.
  2942 | D:4      | Noticed Dowan
  2944 | D:4      | Noticed Duvessa
  2960 | D:4      | Killed Duvessa
  2960 | D:4      | Reached skill level 4 in Fighting
  2965 | D:4      | Killed Dowan
  2965 | D:4      | Reached skill level 5 in Dodging
  3017 | Temple   | Entered the Ecumenical Temple
  3082 | Temple   | Became a worshipper of Uskayaw the Reveler
  3343 | D:4      | Found Qaopamab's Magic Scroll Emporium.
  3351 | D:4      | Bought a scroll of teleportation for 30 gold pieces
  3351 | D:4      | Bought 3 scrolls of teleportation for 90 gold pieces
  3351 | D:4      | Bought a scroll of identify for 20 gold pieces
  3421 | D:4      | Reached * piety under Uskayaw
  3423 | D:4      | Reached ** piety under Uskayaw
  3867 | D:5      | Entered Level 5 of the Dungeon
  4013 | D:5      | Reached *** piety under Uskayaw
  4014 | D:5      | Reached XP level 8. HP: 34/54 MP: 8/8
  4077 | D:5      | Reached skill level 9 in Slings
  4231 | D:5      | Found a hazy altar of Hepliaklqana.
  4631 | D:5      | Reached skill level 5 in Fighting
  4631 | D:5      | Reached skill level 2 in Stealth
  4631 | D:5      | Reached skill level 1 in Invocations
  4862 | D:6      | Reached skill level 2 in Invocations
  4920 | D:6      | Reached skill level 6 in Dodging
  4954 | D:6      | Reached skill level 3 in Stealth
  5075 | D:6      | Reached XP level 9. HP: 61/61 MP: 11/11
  5163 | D:6      | Reached skill level 3 in Invocations
  5379 | D:6      | Reached skill level 10 in Slings
  5413 | D:6      | Found a radiant altar of Vehumet.
  5423 | D:6      | Found a burning altar of Makhleb.
  5446 | D:6      | Found a shadowy altar of Dithmenos.
  5613 | D:7      | Reached skill level 4 in Stealth
  5625 | D:7      | Reached **** piety under Uskayaw
  5686 | D:7      | Reached skill level 1 in Armour
  6114 | D:7      | Noticed Prince Ribbit
  6119 | D:7      | Killed Prince Ribbit
  6119 | D:7      | Reached skill level 6 in Fighting
  6119 | D:7      | Reached skill level 4 in Invocations
  6132 | D:7      | Reached skill level 2 in Armour
  6132 | D:7      | Reached skill level 7 in Dodging
  6139 | D:7      | Reached skill level 5 in Stealth
  6500 | D:8      | Reached XP level 10. HP: 68/68 MP: 13/13
  6533 | D:8      | Got a scorched buckler
  6539 | D:8      | Identified the cursed +0 buckler of the Ditch-Digger {+Blink rN+ MR+ Dex-2 SInv} (You found it on level 8 of the Dungeon)
  6568 | D:8      | HP: 9/68 [orc warrior/battleaxe (31)]
  6572 | D:8      | Reached skill level 11 in Slings
  6926 | D:8      | Found a sparkling altar of Nemelex Xobeh.
  7134 | D:8      | Found a faded altar of an unknown god.
  7134 | D:8      | Found a faded altar of an unknown god.
  7140 | D:8      | Found a faded altar of an unknown god.
  7142 | D:8      | Found a faded altar of an unknown god.
  7144 | D:8      | Found an opulent altar of Gozag.
  7208 | D:8      | Found a stormy altar of Qazlal.
  7562 | D:8      | Reached skill level 8 in Dodging
  7631 | D:8      | HP: 17/69 [orc priest/divine providence (12)]
  7937 | D:8      | Reached skill level 7 in Fighting
  8411 | D:9      | Reached skill level 12 in Slings
  8597 | D:9      | Found a white marble altar of Elyvilon.
  8706 | D:9      | Reached ***** piety under Uskayaw
  8802 | D:9      | Noticed a necromancer
  8917 | D:9      | Reached skill level 9 in Dodging
  8943 | D:9      | Killed a necromancer
  8943 | D:9      | Reached XP level 11. HP: 62/77 MP: 14/14
  9447 | D:10     | Entered Level 10 of the Dungeon
  9472 | D:10     | Reached skill level 8 in Fighting
  9600 | D:11     | Found a runed door.
  9791 | D:11     | Reached skill level 13 in Slings
  9916 | D:11     | Noticed a manticore
  9916 | D:11     | Noticed a hill giant
  9986 | D:11     | HP: 18/78 [killer bee (6)]
 10324 | D:11     | Noticed a brown ugly thing
 10485 | D:10     | Reached skill level 10 in Dodging
 10517 | D:10     | Found a staircase to the Lair.
 10847 | D:10     | Noticed Erica
 10865 | D:10     | Killed Erica
 11222 | Lair:1   | Entered Level 1 of the Lair of Beasts
 11592 | Lair:1   | Got a polished flail
 11593 | Lair:1   | Identified the +4 flail of the Owl {crush, Dex+5} (You found it on level 1 of the Lair of Beasts)
 11821 | Lair:1   | Reached skill level 9 in Fighting
 12090 | Lair:1   | Reached skill level 14 in Slings
 12557 | Lair:2   | Noticed Harold
 12612 | Lair:2   | Got a transparent hand axe
 12613 | Lair:2   | Identified the +4 hand axe of Mayhem {freeze, Int+3} (You found it on level 2 of the Lair of Beasts)
 12619 | Lair:2   | Noticed a spriggan rider
 12769 | Lair:2   | Found a staircase to the Shoals.
 13379 | Lair:2   | Killed Harold
 13379 | Lair:2   | Reached XP level 12. HP: 71/85 MP: 15/15
 13505 | Lair:2   | Reached skill level 11 in Dodging
 13597 | Lair:2   | Got a jewelled chain mail
 13598 | Lair:2   | Identified the cursed +1 chain mail "Nofudahana" {rPois MR- Str+2} (You found it on level 2 of the Lair of Beasts)
 14302 | Lair:2   | Reached skill level 5 in Invocations
 14331 | Lair:2   | HP: 11/87 [yak (18)]
 14333 | Lair:2   | Slain by a yak

Skill      XL: |  1  2  3  4  5  6  7  8  9 10 11 12 |
---------------+-------------------------------------+-----
Fighting       | 2 3 4 5 6 7 9 |  9.8
Slings         | 6 7 8 9 10 12 14 | 14.9
Dodging        | 3 4 5 6 7 9 10 11 | 11.4
Stealth        | 3 5 |  5.2
Invocations    | 2 4 5 |  5.2
Armour         | 2 |  2.4

Action                   |  1- 3 |  4- 6 |  7- 9 | 10-12 || total
-------------------------+-------+-------+-------+-------++-------
 Fire: Hunting sling     |    96 |   214 |   410 |  1030 ||  1750
Throw: Throwing net      |       |       |       |     1 ||     1
Invok: Stomp             |       |       |       |    15 ||    15
Evoke: Wand              |       |       |       |     4 ||     4
  Use: Scroll            |     7 |     2 |     3 |    20 ||    32
       Potion            |     1 |     1 |       |     6 ||     8
  Eat: Chunk             |     3 |    14 |     2 |    14 ||    33
       Beef jerky        |       |       |       |     6 ||     6
       Pizza             |       |       |       |     1 ||     1
Armor: Leather armour    |     1 |       |     1 |    22 ||    24
       Robe              |     4 |     4 |     4 |       ||    12
       Skin              |       |     7 |       |       ||     7
Dodge: Dodged            |    50 |    40 |    40 |   262 ||   392
Block: Buckler           |       |       |       |     6 ||     6

Vault maps used:
D:1:      lemuel_arrival_lava_pool
D:2:      wad_river_or_something
D:4:      serial_shops, nicolae_shop_trees, first_bread, uniq_menkaure,
          uniq_duvessa
D:5:      lemuel_upstairs_altar, basic_altar
D:6:      nicolae_dithmenos_the_darkroom,
          grunt_temple_overflow_lords_of_destruction
D:7:      cheibrodos_quashed, grunt_ogre_cave, uniq_prince_ribbit1
D:8:      lemuel_coloured_pillars_altar, chequers_temple_overflow_minitemple,
          grunt_qazlal_clouds
D:9:      elyvilon_altar_1, eino_house_with_fridge
D:10:     lair_0_dummy, uniq_erica
D:11:     orc_0_dummy, lightli_airlock
Temple:   eino_temple_water
Lair:2:   regret_index_bee_streams, elwin_shoals_entry_rocks,
          grunt_forest_large_clearings, uniq_harold

Table legend:
 A = Turns spent in this place as a percentage of turns spent in the entire game.
 B = Non-inter-level travel turns spent in this place as a percentage of non-inter-level travel turns spent in the entire game.
 C = Inter-level travel turns spent in this place as a percentage of turns spent in this place.
 D = Turns resting spent in this place as a percentage of non-inter-level travel turns spent in this place.
 E = Turns spent auto-exploring this place as a percentage of non-inter-level travel turns spent in this place.
 F = Non-inter-level travel turns spent in this place divided by the number of levels of this place that you've seen.
                   A       B       C       D       E      F
               +-------+-------+-------+-------+-------+----------------------
         Total | 100.0 | 100.0 |   0.7 |   2.5 |   9.5 | 277.1
       Dungeon |  81.1 |  81.1 |   0.6 |   1.8 |  10.0 | 286.0
        Temple |   0.5 |   0.5 |   5.3 |   0.0 |  61.1 |  18.0
          Lair |  18.5 |  18.4 |   0.8 |   5.6 |   6.2 | 357.5
               +-------+-------+-------+-------+-------+----------------------

Table legend:
 A = Kills in this place as a percentage of kills in entire the game.
 B = Kills by you in this place as a percentage of kills by you in the entire game.
 C = Kills by friends in this place as a percentage of kills by friends in the entire game.
 D = Other kills in this place as a percentage of other kills in the entire game.
 E = Experience gained in this place as a percentage of experience gained in the entire game.
 F = Experience gained in this place divided by the number of levels of this place that you have seen.
                   A       B       C       D       E      F
               +-------+-------+-------+-------+-------+----------------------
         Total | 100.0 | 100.0 |  -nan |  -nan | 100.0 | 1451.6
       Dungeon |  89.0 |  89.0 |  -nan |  -nan |  61.9 | 1143.1
          Lair |  11.0 |  11.0 |  -nan |  -nan |  38.1 | 3874.0
               +-------+-------+-------+-------+-------+----------------------
